 Dungeon Crawl Stone Soup version 0.29.0-4-gdea44cf6ec (webtiles) character file.

Game seed: 1231604412812317589

97 qw the Chopper (level 4, -3/26 HPs)
             Began as a Tengu Warper on Aug 28, 2022.
             Slain by Grinder (6 damage)
             ... on level 3 of the Dungeon.
             The game lasted 00:00:13 (2501 turns).

qw the Chopper (Tengu Warper)                       Turns: 2501, Time: 00:00:13

Health: -3/26      AC: 10    Str: 13    XL:     4   Next: 68%
Magic:  8/8        EV:  3    Int: 14    God:
Gold:   30         SH:  0    Dex: 13    Spells: 7/7 levels left

rFire   . . .      SeeInvis .   Y - +0 hand axe
rCold   . . .      Faith    .   (no shield)
rNeg    . . .      Spirit   .   h - +0 plate armour
rPois   .          Reflect  .   (helmet restricted)
rElec   .          Harm     .   (no cloak)
rCorr   .          Rampage  .   (no gloves)
Will    .....                   (boots unavailable)
Stlth   ..........              (no amulet)
HPRegen 0.08/turn               (no ring)
MPRegen 0.11/turn               (no ring)

@: no status effects
A: beak, talons 3
a: no special abilities


You were on level 3 of the Dungeon.
You visited 1 branch of the dungeon, and saw 3 of its levels.

You collected 30 gold pieces.


Innate Abilities, Weirdness & Mutations

You have a beak for a mouth.
You have claws for feet.


   Skills:
 - Level 2.0 Fighting
 + Level 4.9 Axes
 - Level 1.0 Throwing
 - Level 2.0 Armour
 - Level 2.1 Dodging
 - Level 2.0 Spellcasting
 - Level 2.4 Translocations


You had 7 spell levels left.
You didn't know any spells.
Your spell library contained the following spells:

 Spells                   Type           Power      Damage    Failure   Level
 Blink                    Tloc           16%        N/A       100%        2
 Gell's Gravitas          Tloc           8%         N/A       100%        3
 Lesser Beckoning         Tloc           8%         N/A       100%        3
 Teleport Other           Tloc           8%         N/A       100%        3
 Manifold Assault         Tloc           8%         N/A       100%        5

Inventory:

Hand Weapons
 i - a +0 whip
 Y - a +0 hand axe (weapon)
Missiles
 d - 5 javelins (quivered)
Armour
 h - a +0 plate armour (worn)
Scrolls
 b - a scroll of identify
Potions
 a - a potion of flight {unknown}
 c - a potion of brilliance {unknown}
 e - a potion of curing {unknown}
 f - a potion of haste {unknown}
 g - a potion of resistance {unknown}

Dungeon Overview and Level Annotations

Branches:
Dungeon (3/15)

Altars:

Shops:
D:2 *

Annotations:
D:3 Grinder


Message History

Throw: 5 javelins
Press: ? - help, Q - select action Shift-Dir - straight line, f - kobold You throw a javelin.
The javelin pierces through the kobold.
You kill the kobold!
You see here a +0 club.
d - 5 javelins (gained 1) Grinder comes into view.
Grinder shouts!
Grinder blinks!
Grinder moves out of view.
Found a stone staircase leading down.
An endoplasm comes into view.
Found a stone staircase leading down.
The endoplasm quivers.
You hit the endoplasm. Your kick misses the endoplasm.
The endoplasm is heavily wounded.
The endoplasm hits you.
You hit the endoplasm but do no damage. You peck the endoplasm.
You kill the endoplasm!
Grinder hits you.
You writhe in agony.
You hit Grinder but do no damage. Grinder gestures at you.
You suddenly lose the ability to move!
Grinder hits you but does no damage.
You can move again.
You hit Grinder. Your kick misses Grinder.
Grinder is lightly wounded.
Grinder hits you.
You hit Grinder.
Grinder is lightly wounded.
Grinder hits you but does no damage.
You closely miss Grinder. You claw Grinder. Your peck misses Grinder.
Grinder is moderately wounded.
Grinder hits you.
You writhe in agony.
You slash Grinder! Your peck misses Grinder.
Grinder is heavily wounded.
Grinder hits you but does no damage.
You hit Grinder. You claw Grinder.
Grinder is severely wounded.
Grinder hits you.
You writhe in agony.
You die...

#...~.## .. # .###.##
.# .## #.#.## # ...
##.## .... #.# # ....
#.# .. ####... #.# >..
... . #.# .. #5#.# #.#
#.##@#.# #.### #......#
#..<###### ####.#.>....
###......######.#######
#..........##.#
#.###..###.##.#
#.......##.##.#
#.###....)....# #.#
#..###.####


You could see Grinder.

Vanquished Creatures
  Robin (D:3)
  An adder (D:2)
  2 worms (D:2)
  A dart slug (D:1)
  5 ball pythons
  8 endoplasms
  4 giant cockroaches
  12 goblins
  5 hobgoblins
  4 jackals (D:1)
  2 quokkas
  6 bats
  4 frilled lizards
  2 kobolds
  3 rats (D:1)
60 creatures vanquished.

Notes
Turn   | Place    | Note
-------+----------+-------------------------------------------
     0 | D:1      | qw the Tengu Warper began the quest for the Orb.
     0 | D:1      | Reached XP level 1. HP: 12/12 MP: 4/4
     0 | D:1      | 0 ||| qw: Version: 0.1-a-89-g26bdef1
     0 | D:1      | 0 ||| qw: Game counter: 20
     0 | D:1      | 0 ||| qw: Always use a shield: true
     0 | D:1      | 0 ||| qw: God list: Okawaru
     0 | D:1      | 0 ||| qw: Allow faded altars: false
     0 | D:1      | 0 ||| qw: Do Orc after D:15 true
     0 | D:1      | 0 ||| qw: Do second Lair branch before Depths: true
     0 | D:1      | 0 ||| qw: Lair rune preference: random
     0 | D:1      | 0 ||| qw: Plans: Normal
     0 | D:1      | 0 ||| PLANNING D:1-11
    51 | D:1      | 51 ||| Stepping ~*~*~tactically~*~*~ (stealth).
   107 | D:1      | Reached XP level 2. HP: 17/17 MP: 6/6
   130 | D:1      | Reached skill level 3 in Axes
   176 | D:1      | 176 ||| Stepping ~*~*~tactically~*~*~ (hiding).
   292 | D:1      | 292 ||| Stepping ~*~*~tactically~*~*~ (stealth).
   294 | D:1      | 294 ||| Stepping ~*~*~tactically~*~*~ (stealth).
   635 | D:1      | Reached XP level 3. HP: 21/21 MP: 7/7
   962 | D:1      | Reached skill level 4 in Axes
   985 | D:1      | 985 ||| UPGRADING to +0 scale mail.
   995 | D:1      | 995 ||| DROPPING +0 leather armour.
   996 | D:1      | 996 ||| DROPPING +6 ring of intelligence.
   997 | D:1      | 997 ||| READING scroll labelled DUFFIO VEUDOM.
   998 | D:1      | 998 ||| READING scroll labelled SATTOBL FEADEIPH.
  1001 | D:1      | 1001 ||| READING scroll labelled IFE QIENUUTZ.
  1002 | D:1      | 1002 ||| READING scroll labelled UGHEOSY TERYO.
  1003 | D:1      | 1003 ||| DROPPING scroll of blinking.
  1046 | D:2      | 1046 ||| Stepping ~*~*~tactically~*~*~ (stealth).
  1047 | D:2      | 1047 ||| Stepping ~*~*~tactically~*~*~ (stealth).
  1074 | D:2      | HP: 4/21 [poisoned by an adder]
  1741 | D:2      | Reached XP level 4. HP: 26/26 MP: 8/8
  1778 | D:2      | 1778 ||| DROPPING +0 club.
  1816 | D:2      | 1816 ||| Stepping ~*~*~tactically~*~*~ (stealth).
  2064 | D:2      | Found Ewkoonot's General Store.
  2071 | D:2      | 2071 ||| SHOPLISTING potion of curing (42 gold, have 30).
  2071 | D:2      | 2071 ||| SHOPLISTING potion of heal wounds (70 gold, have
                  | 30).
  2260 | D:2      | 2260 ||| UPGRADING to +0 plate armour.
  2270 | D:2      | 2270 ||| DROPPING +0 scale mail.
  2298 | D:3      | 2298 ||| Stepping ~*~*~tactically~*~*~ (hiding).
  2298 | D:3      | Noticed Robin
  2299 | D:3      | 2299 ||| Stepping ~*~*~tactically~*~*~ (hiding).
  2319 | D:3      | Killed Robin
  2325 | D:3      | 2325 ||| FLEEEEING.
  2326 | D:3      | 2326 ||| FLEEEEING.
  2327 | D:3      | 2327 ||| FLEEEEING.
  2328 | D:3      | 2328 ||| FLEEEEING.
  2329 | D:3      | 2329 ||| FLEEEEING.
  2330 | D:3      | 2330 ||| STAIRDANCE
  2488 | D:3      | Noticed Grinder
  2495 | D:3      | Paralysed by Grinder for 2 turns
  2499 | D:3      | HP: 6/26 [Grinder (1)]
  2501 | D:3      | Slain by Grinder

Levels and vault maps discovered:
D:1:      onia_arrival_handbag, layout_basic, corexii_item_surrounded_by_moat
D:2:      layout_loops_corners, serial_shops, shop
D:3:      minmay_spotlight, layout_loops_cross,
          chequers_ecumenical_altar_island, serial_rivers,
          chequers_serial_rivers_micro_a, chequers_serial_rivers_large_a,
          chequers_serial_rivers_small_a, chequers_serial_rivers_small_a,
          kennysheep_generic_room_9, uniq_grinder, uniq_robin

Skill      XL: |  1  2  3  4 |
---------------+-------------+-----
Axes           | 3 4 |  4.9
Armour         | 2 |  2.0
Fighting       | |  2.0
Throwing       | |  1.0
Dodging        | |  2.1
Spellcasting   | |  2.0
Translocations | |  2.4

Action                   |  1- 3 |  4- 6 || total
-------------------------+-------+-------++-------
Melee: Hand axe          |    91 |    40 ||   131
       Kick              |    18 |     9 ||    27
       Peck              |    10 |     7 ||    17
       Punch             |       |     1 ||     1
Throw: Boomerang         |     7 |       ||     7
       Javelin           |       |    13 ||    13
  Use: Scroll            |     4 |       ||     4
Armor: Leather armour    |    20 |       ||    20
       Scale mail        |    17 |     5 ||    22
       Plate armour      |       |    23 ||    23
Dodge: Dodged            |    48 |     7 ||    55

Table legend:
 A = Non-vault XP
 B = Vault XP
 C = Vault XP percentage of total XP
 D = Non-vault monster count
 E = Vault monster count
 F = Vault count percentage of total count
                 A         B        C        D         E       F
            +---------+---------+-------+---------+---------+-------
      Total |      99 |      40 |  28.8 |      45 |      15 |  25.0
            +---------+---------+-------+---------+---------+-------
        D:1 |      40 |       5 |  11.1 |      22 |       4 |  15.4
        D:2 |      55 |       0 |   0.0 |      21 |       0 |   0.0
        D:3 |       4 |      35 |  89.7 |       2 |      11 |  84.6
            +---------+---------+-------+---------+---------+-------
